 Dungeon Crawl Stone Soup version 0.22-a0-258-g34c0b7be20 (webtiles) character file.

219 Manul the Sneak (level 5, -1/27 HPs)
             Began as a Vine Stalker Assassin on Mar 5, 2018.
             Killed from afar by Execuda's ghost (5 damage)
             ... with a flame tongue
             ... on level 3 of the Dungeon.
             The game lasted 00:03:47 (2709 turns).

Manul the Sneak (Vine Stalker Assassin)             Turns: 2709, Time: 00:03:48

Health: -1/27      AC:  4    Str: 14    XL:     5   Next: 96%
Magic:  0/15       EV: 12    Int: 11    God:
Gold:   158        SH:  0    Dex: 16    Spells: 4/4 levels left

rFire    . . .     SeeInvis .   a - +2 dagger
rCold    . . .     Gourm    .   (no shield)
rNeg     . . .     Faith    .   s - +0 leather armour
rPois    .         Spirit   +   (no helmet)
rElec    .         Reflect  .   d - +0 cloak
rCorr    .         Harm     .   (no gloves)
MR       .....                  (no boots)
Stlth    +++.......             (no amulet)
HPRegen  0.49/turn              x - ring of magical power
MPRegen  0.14/turn              (no ring)

@: very slightly contaminated, hasted, very quick
A: fangs 2, regeneration 1, magic shield, antimagic bite, no potion heal 3, rot
immunity
a: no special abilities


You were on level 3 of the Dungeon.
You were not hungry.

You visited 1 branch of the dungeon, and saw 3 of its levels.

You collected 158 gold pieces.

Inventory:

Hand Weapons
 a - a +2 dagger (weapon)
 b - a +0 blowgun
 n - a cursed -2 dagger
Missiles
 e - 8 poisoned needles
 f - 2 curare-tipped needles
Armour
 c - a +0 robe
 d - a +0 cloak (worn)
 s - a +0 leather armour (worn)
Jewellery
 x - a ring of magical power (left hand)
Scrolls
 k - a scroll of magic mapping {unknown}
 o - 2 scrolls of remove curse {unknown}
 p - 3 scrolls of blinking {unknown}
 q - 3 scrolls of teleportation {unknown}
 r - a scroll of noise {unknown}
 u - 5 scrolls of identify {unknown}
 v - a scroll of random uselessness {unknown}
Potions
 h - a potion of resistance {unknown}
 j - a potion of heal wounds {unknown}
 l - a potion of haste
Comestibles
 g - 5 rations
 i - 3 chunks of flesh


   Skills:
 + Level 2.4 Fighting
 + Level 3.1 Short Blades
 + Level 1.8 Throwing
 + Level 1.4 Armour
 + Level 1.6 Dodging
 + Level 6.5 Stealth


You had 4 spell levels left.
You didn't know any spells.

Dungeon Overview and Level Annotations

Branches:
Dungeon (3/15)

Altars:

Annotations:
D:3 Execuda's ghost, amateur DrFE


Innate Abilities, Weirdness & Mutations

You have extremely sharp teeth.
Your natural rate of healing is unusually fast.
When hurt, damage is shared between your health and your magic reserves.
Your bite disrupts and absorbs the magic of your enemies.
Potions cannot restore your health.
You are immune to rotting.


Message History

You are too injured to fight recklessly!
You are too injured to fight recklessly!
You feel yourself speed up. Execuda's ghost completely misses you.
You closely miss Execuda's ghost.
Execuda's ghost is severely damaged.
Execuda's ghost hits you.
You hit Execuda's ghost.
Execuda's ghost is severely damaged.
You hit Execuda's ghost but do no damage.
Execuda's ghost is severely damaged.
Execuda's ghost casts a spell at you. The flame tongue hits you!
* * * LOW HITPOINT WARNING * * *
You hit Execuda's ghost.
Execuda's ghost is severely damaged.
Unknown command.
It was a potion of curing.
That felt strangely inert.
Execuda's ghost points at you and mumbles some strange words.
The flame tongue hits you!
You die...

......###...#.............
.......#......#.###....#.#
. #..###.###.# #....#
#.#####.## #.# #.# #....#
# #.......# #.. ..#
#(...#.# ##......##
#.##### #......# #.......#
#.# ##...### #.####[.###.#
###...### # #..(..@W.#
####....##.#
.....#..#######...........
#.####..# #.......#.##.# #
..%.# #.#.##..#.##.#
.....# #.#.##.......#
####### #.#.....#.##.#
#.#..#(.#.##.#
##.#..........#
#.....[..))...#


You could see Execuda's ghost.

Vanquished Creatures
  An ogre (D:3)
  A centaur zombie (D:2)
  4 worms
  4 dart slugs
  7 leopard geckos
  2 orcs (D:3)
  3 giant cockroaches
  13 goblins
  4 hobgoblins
  7 jackals
  6 kobolds
  3 quokkas
  8 bats
  5 frilled lizards
  2 rats (D:1)
70 creatures vanquished.

Notes
Turn   | Place    | Note
-------+----------+-------------------------------------------
     0 | D:1      | Manul the Vine Stalker Assassin began the quest for the Orb.
     0 | D:1      | Reached XP level 1. HP: 11/11 MP: 2/2
    58 | D:1      | Reached skill level 5 in Stealth
   366 | D:1      | Reached skill level 1 in Dodging
   366 | D:1      | Reached XP level 2. HP: 13/15 MP: 3/3
   800 | D:1      | Reached XP level 3. HP: 16/18 MP: 4/4
  1337 | D:2      | Reached skill level 6 in Stealth
  1690 | D:2      | Gained mutation: Your natural rate of healing is unusually fast. [Vine Stalker growth]
  1690 | D:2      | Reached XP level 4. HP: 23/23 MP: 5/5
  2184 | D:2      | Reached XP level 5. HP: 26/26 MP: 6/6
  2405 | D:3      | Reached skill level 1 in Armour
  2450 | D:3      | Noticed an ogre
  2462 | D:3      | Killed an ogre
  2607 | D:3      | Noticed Execuda's ghost (amateur DrFE)
  2709 | D:3      | Killed from afar by Execuda's ghost

Vault maps used:
D:1:      dpeg_arrival_round_b, hangedman_decor_clover_reticule
D:3:      okawaru_gym_becter, minmay_misc_feat_five

Skill      XL: |  1  2  3  4  5 |
---------------+----------------+-----
Stealth        | 5 6 |  6.5
Dodging        | 1 |  1.6
Short Blades   | 2 3 |  3.1
Fighting       | 2 |  2.4
Armour         | 1 |  1.4
Throwing       | |  1.8

Action                   |  1- 3 |  4- 6 || total
-------------------------+-------+-------++-------
Melee: Dagger            |   111 |   124 ||   235
       Bite              |    21 |    32 ||    53
 Fire: Blowgun           |       |     4 ||     4
  Use: Potion            |       |     5 ||     5
 Stab: Sleeping          |    13 |     6 ||    19
       Invisible         |       |     1 ||     1
  Eat: Chunk             |     2 |     4 ||     6
Armor: Robe              |    16 |       ||    16
       Leather armour    |    13 |    28 ||    41
       Skin              |       |     5 ||     5
Dodge: Dodged            |    57 |    67 ||   124

Table legend:
 A = Spawn XP
 B = Non-spawn XP
 C = Spawn XP percentage of total XP
 D = Spawn monster count
 E = Non-spawn monster count
 F = Spawn count percentage of total count
 G = Total turns spent on level
                    A         B        C        D         E        F      G
               +---------+---------+-------+---------+---------+-------+---------
         Total |       0 |     314 |   0.0 |       0 |      70 |   0.0 |  2709
               +---------+---------+-------+---------+---------+-------+---------
           D:1 |       0 |      61 |   0.0 |       0 |      31 |   0.0 |  1788
           D:2 |       0 |     104 |   0.0 |       0 |      27 |   0.0 |   561
           D:3 |       0 |     149 |   0.0 |       0 |      12 |   0.0 |   360
               +---------+---------+-------+---------+---------+-------+---------
